General information
- name: BNet
- type: Ladder team game (AT/RT)
- host: Battle.net
- saver: ScumDawg!
map: FullScaleAssault
- players: 8
- length: 30:04
- speed: Fast
- version: 1.28 W3XP
- replay type: Public
» download(336 KB)
Players
team 1 (loser)

»
rando1 (
teal | 34 APM | 670 actions | 19:52)
4 Mountain King
2 Storm Bolt
2 Bash
» actions
| Assign group hotkey | 26 | |
| Basic commands | 29 | |
| Build / train | 76 | |
| ESC pressed | 2 | |
| Enter build submenu | 39 | |
| Enter hero's abilities submenu | 4 | |
| Give item / drop item | 1 | |
| Right click | 182 | |
| Select / deselect | 228 | |
| Select group hotkey | 25 | |
| Use ability | 55 | |
670 total
» units
| Peasant | 20 | |
| Footman | 4 | |
| Rifleman | 13 | |
| Siege Engine | 5 | |
| Flying Machine | 5 | |
47 total
» upgrades
| Gunpowder | 2 | |
| Lumber Harvesting | 2 | |
| Long Rifles | 1 | |
| Barrage | 1 | |
| Fragmentation Shards | 1 | |
| Plating | 1 | |
8 total
» buildings
| Altar of Kings | 1 | |
| Farm | 12 | |
| Barracks | 1 | |
| Blacksmith | 1 | |
| Arcane Vault | 2 | |
| Keep | 2 | |
| Lumber Mill | 1 | |
| Town Hall | 2 | |
| Scout Tower | 8 | |
| Castle | 2 | |
| Guard Tower | 5 | |
| Workshop | 3 | |
| Cannon Tower | 3 | |
43 total
» build order
00:18 Altar of Kings
00:21 Farm
00:35 Barracks
01:18 Farm
01:46 Farm
02:06 Blacksmith
02:40 Farm
03:36 Arcane Vault
03:42 Farm
05:19 Farm
05:22 Keep
05:53 Lumber Mill
06:37 Town Hall
07:13 Farm
07:46 Scout Tower
09:08 Castle
09:09 Castle
09:13 Arcane Vault
09:51 Guard Tower
10:22 Scout Tower
10:47 Guard Tower
10:58 Workshop
11:13 Workshop
11:18 Farm
11:26 Guard Tower
11:51 Scout Tower
12:40 Cannon Tower
12:43 Scout Tower
13:11 Workshop
13:25 Guard Tower
13:38 Farm
13:56 Scout Tower
14:12 Farm
14:17 Farm
14:26 Guard Tower
14:30 Scout Tower
16:21 Keep
17:03 Town Hall
17:54 Farm
18:18 Cannon Tower
18:21 Scout Tower
19:17 Cannon Tower
19:19 Scout Tower
» items
| Scroll of Regeneration | 1 | |
| Ivory Tower | 2 | |
| Orb of Fire | 1 | |
4 total

»
LordSoth (
green | 39 APM | 783 actions | 19:57)
4 Priestess of the Moon
2 Searing Arrows
2 Trueshot Aura
» actions
| Assign group hotkey | 19 | |
| Basic commands | 45 | |
| Build / train | 60 | |
| ESC pressed | 1 | |
| Enter build submenu | 25 | |
| Enter hero's abilities submenu | 4 | |
| Give item / drop item | 2 | |
| Right click | 249 | |
| Select / deselect | 229 | |
| Select group hotkey | 118 | |
| Use ability | 31 | |
783 total
» units
» upgrades
| Strength of the Moon | 1 | |
| Improved Bows | 1 | |
| Corrosive Breath | 1 | |
| Marksmanship | 1 | |
4 total
» buildings
| Altar of Elders | 1 | |
| Moon Well | 12 | |
| Ancient of War | 1 | |
| Hunter's Hall | 1 | |
| Ancient of Wonders | 1 | |
| Tree of Ages | 1 | |
| Tree of Eternity | 1 | |
| Ancient of Wind | 1 | |
| Tree of Life | 2 | |
| Chimaera Roost | 4 | |
| Ancient Protector | 1 | |
26 total
» build order
00:20 Altar of Elders
00:34 Moon Well
00:52 Ancient of War
01:38 Moon Well
02:16 Hunter's Hall
02:49 Moon Well
03:30 Ancient of Wonders
03:48 Tree of Ages
04:54 Moon Well
05:51 Moon Well
06:09 Tree of Eternity
06:16 Ancient of Wind
07:26 Moon Well
07:32 Tree of Life
09:36 Moon Well
09:43 Chimaera Roost
10:10 Chimaera Roost
10:37 Moon Well
11:50 Moon Well
12:47 Moon Well
13:26 Chimaera Roost
13:47 Moon Well
14:25 Tree of Life
14:37 Ancient Protector
14:44 Moon Well
15:07 Chimaera Roost
» items
| Boots of Speed | 1 | |
| Circlet of Nobility | 2 | |
| Scroll of Healing | 1 | |
4 total

»
why2 (
red | 32 APM | 625 actions | 19:30)
4 Mountain King
1 Thunder Clap
2 Storm Bolt
1 Bash
» actions
| Build / train | 63 | |
| Enter build submenu | 30 | |
| Enter hero's abilities submenu | 4 | |
| Give item / drop item | 2 | |
| Right click | 221 | |
| Select / deselect | 250 | |
| Use ability | 55 | |
625 total
» units
| Peasant | 13 | |
| Footman | 2 | |
| Rifleman | 1 | |
| Knight | 2 | |
| Gryphon Rider | 8 | |
| Dragonhawk Rider | 7 | |
33 total
» upgrades
| Lumber Harvesting | 2 | |
| Storm Hammers | 1 | |
| Cloud | 1 | |
| Swords | 1 | |
| Armor | 1 | |
6 total
» buildings
| Farm | 13 | |
| Altar of Kings | 1 | |
| Barracks | 1 | |
| Lumber Mill | 1 | |
| Arcane Vault | 1 | |
| Scout Tower | 7 | |
| Keep | 1 | |
| Guard Tower | 6 | |
| Town Hall | 1 | |
| Blacksmith | 1 | |
| Castle | 1 | |
| Gryphon Aviary | 3 | |
37 total
» build order
00:11 Farm
00:25 Altar of Kings
00:47 Farm
01:14 Farm
01:25 Barracks
01:57 Lumber Mill
02:05 Farm
02:14 Arcane Vault
02:42 Farm
03:15 Scout Tower
03:33 Keep
03:50 Scout Tower
03:52 Guard Tower
03:56 Scout Tower
04:02 Scout Tower
04:24 Guard Tower
04:40 Guard Tower
04:55 Town Hall
05:10 Scout Tower
05:30 Blacksmith
05:47 Guard Tower
05:49 Scout Tower
05:56 Castle
06:24 Guard Tower
06:27 Scout Tower
07:11 Guard Tower
07:40 Gryphon Aviary
07:45 Gryphon Aviary
07:49 Gryphon Aviary
12:52 Farm
12:55 Farm
13:43 Farm
13:48 Farm
14:33 Farm
14:35 Farm
15:15 Farm
15:19 Farm
» items
| Lesser Clarity Potion | 2 | |
| Scroll of Regeneration | 3 | |
| Scroll of Town Portal | 4 | |
| Scroll of Healing | 1 | |
| Potion of Lesser Invulnerability | 1 | |
11 total
BeastOfTheEast (
blue | 136 APM | 4091 actions | 30:03)
7 Archmage
2 Summon Water Elemental
2 Brilliance Aura
2 Blizzard
1 Mass Teleport
4 Mountain King
2 Storm Bolt
2 Bash
3 Goblin Alchemist
2 Chemical Rage
1 Acid Bomb
» actions
| Assign group hotkey | 85 | |
| Basic commands | 109 | |
| Build / train | 221 | |
| ESC pressed | 2 | |
| Enter build submenu | 63 | |
| Enter hero's abilities submenu | 15 | |
| Give item / drop item | 6 | |
| Remove unit from queue | 3 | |
| Right click | 1446 | |
| Select / deselect | 831 | |
| Select group hotkey | 977 | |
| Use ability | 333 | |
4091 total
» units
| Peasant | 24 | |
| Footman | 7 | |
| Goblin Shredder | 2 | |
| Goblin Zeppelin | 12 | |
| Mortar Team | 3 | |
| Siege Engine | 1 | |
| Rifleman | 8 | |
| Priest | 3 | |
| Sorceress | 4 | |
| Flying Machine | 3 | |
| Spell Breaker | 4 | |
| Gryphon Rider | 1 | |
72 total
» upgrades
| Masonry | 4 | |
| Swords | 2 | |
| Plating | 3 | |
| Gunpowder | 3 | |
| Fragmentation Shards | 1 | |
| Long Rifles | 1 | |
| Flare | 1 | |
| Armor | 1 | |
| Sorceress Training | 2 | |
| Priest Training | 2 | |
| Lumber Harvesting | 2 | |
| Barrage | 1 | |
| Flak Cannons | 1 | |
| Animal War Training | 1 | |
25 total
» buildings
| Altar of Kings | 1 | |
| Barracks | 1 | |
| Farm | 10 | |
| Arcane Vault | 1 | |
| Lumber Mill | 1 | |
| Keep | 4 | |
| Town Hall | 3 | |
| Castle | 4 | |
| Blacksmith | 1 | |
| Scout Tower | 30 | |
| Guard Tower | 37 | |
| Workshop | 4 | |
| Arcane Sanctum | 2 | |
| Gryphon Aviary | 2 | |
101 total
» build order
01:02 Altar of Kings
01:05 Barracks
01:09 Farm
01:12 Farm
01:21 Farm
01:52 Arcane Vault
02:23 Lumber Mill
02:29 Farm
02:52 Farm
03:49 Keep
03:50 Keep
04:40 Town Hall
06:28 Castle
07:21 Blacksmith
08:42 Town Hall
08:45 Scout Tower
08:45 Scout Tower
08:46 Scout Tower
08:46 Scout Tower
09:30 Guard Tower
09:30 Guard Tower
09:31 Guard Tower
09:31 Guard Tower
09:56 Guard Tower
09:56 Guard Tower
09:57 Scout Tower
10:32 Workshop
10:33 Workshop
10:37 Arcane Sanctum
10:38 Arcane Sanctum
10:44 Scout Tower
10:45 Scout Tower
10:46 Guard Tower
10:46 Guard Tower
11:04 Scout Tower
11:04 Scout Tower
11:17 Guard Tower
11:17 Guard Tower
11:51 Scout Tower
11:53 Scout Tower
11:54 Scout Tower
12:11 Guard Tower
12:11 Guard Tower
12:12 Guard Tower
12:30 Guard Tower
12:30 Guard Tower
12:30 Guard Tower
12:33 Scout Tower
12:33 Scout Tower
12:34 Scout Tower
12:54 Guard Tower
12:55 Guard Tower
12:55 Guard Tower
13:08 Guard Tower
13:08 Guard Tower
13:08 Guard Tower
14:51 Keep
14:51 Keep
15:21 Scout Tower
15:23 Scout Tower
15:23 Scout Tower
15:36 Scout Tower
15:36 Scout Tower
15:36 Scout Tower
15:37 Scout Tower
15:39 Scout Tower
15:52 Guard Tower
15:52 Guard Tower
16:00 Guard Tower
16:00 Guard Tower
18:42 Farm
18:42 Farm
19:00 Guard Tower
19:01 Guard Tower
19:14 Castle
19:14 Castle
19:14 Castle
19:49 Scout Tower
19:49 Scout Tower
19:50 Scout Tower
19:51 Scout Tower
19:52 Scout Tower
19:54 Scout Tower
19:56 Scout Tower
20:22 Guard Tower
20:22 Guard Tower
20:27 Guard Tower
20:27 Guard Tower
20:28 Guard Tower
20:28 Guard Tower
20:47 Gryphon Aviary
20:48 Gryphon Aviary
21:54 Guard Tower
21:54 Guard Tower
21:54 Guard Tower
21:58 Farm
21:59 Farm
21:59 Farm
25:29 Workshop
26:07 Workshop
27:36 Town Hall
» items
| Mechanical Critter | 7 | |
| Scroll of Regeneration | 5 | |
| Boots of Speed | 2 | |
| Periapt of Vitality | 1 | |
| Potion of Lesser Invulnerability | 1 | |
| Scroll of Protection | 1 | |
| Staff of Teleportation | 1 | |
| Tome of Retraining | 1 | |
| Scroll of Town Portal | 3 | |
| Staff of Sanctuary | 1 | |
| Orb of Fire | 1 | |
| Orb of Venom | 1 | |
| Potion of Healing | 2 | |
| Lesser Clarity Potion | 1 | |
28 total
team 2 (winner)

»
GBD (
yellow | 68 APM | 1707 actions | 24:56)
5 Archmage
3 Summon Water Elemental
2 Brilliance Aura
3 Paladin
2 Holy Light
1 Devotion Aura
3 Mountain King
2 Storm Bolt
1 Bash
» actions
| Assign group hotkey | 53 | |
| Basic commands | 101 | |
| Build / train | 93 | |
| Enter build submenu | 34 | |
| Enter hero's abilities submenu | 13 | |
| Right click | 387 | |
| Select / deselect | 254 | |
| Select group hotkey | 676 | |
| Use ability | 96 | |
1707 total
» units
| Peasant | 18 | |
| Footman | 4 | |
| Knight | 5 | |
| Sorceress | 5 | |
| Priest | 2 | |
| Spell Breaker | 1 | |
35 total
» upgrades
| Defend | 1 | |
| Masonry | 3 | |
| Lumber Harvesting | 2 | |
| Swords | 3 | |
| Plating | 3 | |
| Priest Training | 2 | |
| Sorceress Training | 2 | |
| Animal War Training | 1 | |
| Magic Sentry | 1 | |
| Control Magic | 1 | |
| Gunpowder | 3 | |
22 total
» buildings
| Altar of Kings | 1 | |
| Barracks | 2 | |
| Farm | 14 | |
| Lumber Mill | 1 | |
| Town Hall | 1 | |
| Scout Tower | 7 | |
| Keep | 1 | |
| Guard Tower | 6 | |
| Arcane Vault | 1 | |
| Blacksmith | 1 | |
| Arcane Tower | 1 | |
| Castle | 1 | |
| Arcane Sanctum | 2 | |
| Workshop | 2 | |
41 total
» build order
00:18 Altar of Kings
00:22 Barracks
00:45 Farm
01:13 Farm
01:59 Farm
02:40 Farm
02:47 Lumber Mill
04:10 Town Hall
04:17 Scout Tower
04:29 Keep
04:51 Guard Tower
04:52 Scout Tower
05:02 Arcane Vault
05:29 Guard Tower
05:32 Scout Tower
05:57 Blacksmith
06:01 Guard Tower
06:03 Scout Tower
06:33 Barracks
06:37 Arcane Tower
06:41 Scout Tower
07:12 Guard Tower
07:13 Farm
08:11 Farm
08:13 Castle
09:32 Scout Tower
09:38 Arcane Sanctum
09:40 Arcane Sanctum
10:07 Guard Tower
10:08 Scout Tower
10:47 Guard Tower
11:47 Farm
12:31 Farm
13:16 Farm
13:56 Farm
14:41 Farm
19:32 Farm
20:22 Farm
21:29 Farm
22:32 Workshop
22:33 Workshop
» items
| Scroll of Town Portal | 4 | |
| Scroll of Regeneration | 2 | |
| Orb of Fire | 2 | |
| Periapt of Vitality | 2 | |
| Boots of Speed | 2 | |
| Scroll of Protection | 1 | |
13 total
tunga99 (
purple | 206 APM | 5999 actions | 29:09)
5 Pandaren Brewmaster
3 Breath of Fire
2 Drunken Haze
5 Naga Sea Witch
3 Forked Lightning
2 Frost Arrows
1 Paladin
1 Divine Shield
» actions
| Assign group hotkey | 35 | |
| Basic commands | 41 | |
| Build / train | 137 | |
| ESC pressed | 12 | |
| Enter build submenu | 22 | |
| Enter hero's abilities submenu | 11 | |
| Give item / drop item | 6 | |
| Right click | 2182 | |
| Select / deselect | 907 | |
| Select group hotkey | 2435 | |
| Use ability | 211 | |
5999 total
» units
| Wisp | 30 | |
| Archer | 7 | |
| Goblin Zeppelin | 4 | |
| Druid of the Talon | 11 | |
| Dryad | 16 | |
| Faerie Dragon | 5 | |
| Hippogryph | 1 | |
74 total
» upgrades
| Improved Bows | 1 | |
| Druid of the Talon Training | 3 | |
| Reinforced Hides | 3 | |
| Well Spring | 1 | |
| Nature's Blessing | 1 | |
| Ultravision | 1 | |
| Abolish Magic | 1 | |
| Mark of the Talon | 1 | |
| Strength of the Wild | 1 | |
13 total
» buildings
| Ancient of War | 1 | |
| Moon Well | 9 | |
| Altar of Elders | 1 | |
| Tree of Ages | 1 | |
| Ancient of Wonders | 1 | |
| Tree of Life | 3 | |
| Hunter's Hall | 1 | |
| Ancient of Wind | 3 | |
| Ancient of Lore | 1 | |
| Tree of Eternity | 2 | |
23 total
» build order
00:14 Ancient of War
00:26 Moon Well
01:08 Moon Well
01:11 Altar of Elders
03:00 Tree of Ages
03:26 Moon Well
04:05 Ancient of Wonders
04:54 Tree of Life
05:00 Hunter's Hall
06:32 Moon Well
06:40 Ancient of Wind
06:42 Ancient of Lore
08:40 Tree of Life
10:04 Tree of Eternity
10:04 Tree of Eternity
10:21 Moon Well
12:35 Moon Well
13:27 Moon Well
14:06 Ancient of Wind
14:17 Moon Well
14:19 Ancient of Wind
18:22 Moon Well
25:44 Tree of Life
» items
| Lesser Clarity Potion | 4 | |
| Staff of Preservation | 2 | |
| Potion of Healing | 4 | |
| Potion of Mana | 5 | |
| Moonstone | 4 | |
| Scroll of Town Portal | 3 | |
| Orb of Venom | 1 | |
23 total
ScumDawg! (
orange | 75 APM | 2242 actions | 30:04)
8 Archmage
3 Summon Water Elemental
3 Brilliance Aura
1 Mass Teleport
1 Blizzard
» actions
| Assign group hotkey | 25 | |
| Basic commands | 121 | |
| Build / train | 88 | |
| Enter build submenu | 60 | |
| Enter hero's abilities submenu | 8 | |
| Give item / drop item | 14 | |
| Remove unit from queue | 1 | |
| Right click | 686 | |
| Select / deselect | 425 | |
| Select group hotkey | 623 | |
| Use ability | 191 | |
2242 total
» units
| Peasant | 12 | |
| Footman | 4 | |
| Goblin Shredder | 2 | |
| Goblin Zeppelin | 2 | |
| Gryphon Rider | 5 | |
| Dragonhawk Rider | 5 | |
| Goblin Sapper | 8 | |
38 total
» upgrades
| Masonry | 3 | |
| Animal War Training | 1 | |
| Storm Hammers | 1 | |
| Swords | 3 | |
| Armor | 3 | |
| Cloud | 1 | |
12 total
» buildings
| Altar of Kings | 1 | |
| Barracks | 2 | |
| Farm | 8 | |
| Arcane Vault | 3 | |
| Keep | 1 | |
| Lumber Mill | 2 | |
| Town Hall | 3 | |
| Castle | 1 | |
| Gryphon Aviary | 4 | |
| Blacksmith | 2 | |
| Scout Tower | 64 | |
| Guard Tower | 11 | |
102 total
» build order
00:49 Altar of Kings
00:49 Barracks
00:50 Farm
00:53 Barracks
00:54 Farm
01:06 Farm
02:29 Arcane Vault
03:28 Keep
04:10 Lumber Mill
04:13 Town Hall
05:55 Castle
07:36 Gryphon Aviary
07:37 Gryphon Aviary
07:37 Gryphon Aviary
07:38 Gryphon Aviary
07:39 Blacksmith
07:41 Blacksmith
07:48 Farm
09:06 Town Hall
09:09 Scout Tower
09:09 Scout Tower
09:10 Scout Tower
09:10 Scout Tower
09:13 Scout Tower
09:14 Scout Tower
09:15 Scout Tower
09:16 Scout Tower
09:19 Arcane Vault
09:37 Farm
10:00 Farm
10:01 Farm
10:14 Guard Tower
13:40 Farm
17:14 Guard Tower
17:25 Lumber Mill
17:32 Scout Tower
17:33 Scout Tower
17:34 Scout Tower
17:34 Scout Tower
17:36 Scout Tower
17:37 Scout Tower
17:37 Scout Tower
17:39 Scout Tower
17:40 Scout Tower
17:40 Scout Tower
17:41 Scout Tower
17:43 Scout Tower
17:43 Scout Tower
17:45 Scout Tower
17:45 Scout Tower
17:46 Scout Tower
17:47 Scout Tower
17:48 Scout Tower
17:48 Scout Tower
17:51 Scout Tower
17:53 Scout Tower
17:53 Scout Tower
17:54 Scout Tower
17:54 Scout Tower
18:34 Scout Tower
18:34 Scout Tower
18:35 Scout Tower
18:35 Scout Tower
18:36 Scout Tower
18:37 Scout Tower
18:38 Scout Tower
18:38 Scout Tower
18:39 Scout Tower
18:43 Scout Tower
18:44 Scout Tower
18:44 Scout Tower
18:44 Scout Tower
18:45 Scout Tower
18:46 Scout Tower
18:46 Scout Tower
18:46 Scout Tower
18:47 Scout Tower
18:48 Scout Tower
18:48 Scout Tower
18:52 Guard Tower
19:56 Guard Tower
20:01 Guard Tower
20:04 Guard Tower
20:06 Guard Tower
21:01 Guard Tower
21:04 Guard Tower
21:27 Town Hall
21:29 Scout Tower
21:30 Scout Tower
21:30 Scout Tower
21:30 Scout Tower
21:31 Scout Tower
21:32 Scout Tower
21:32 Scout Tower
21:32 Scout Tower
21:34 Scout Tower
21:34 Scout Tower
21:35 Scout Tower
21:35 Scout Tower
21:37 Arcane Vault
23:23 Guard Tower
23:34 Guard Tower
» items
| Lesser Clarity Potion | 2 | |
| Mechanical Critter | 6 | |
| Scroll of Regeneration | 1 | |
| Scroll of Town Portal | 1 | |
| Staff of Sanctuary | 1 | |
| Staff of Teleportation | 1 | |
| Periapt of Vitality | 1 | |
| Potion of Lesser Invulnerability | 1 | |
| Scroll of Protection | 1 | |
15 total
realLness. (
pink | 90 APM | 2618 actions | 29:12)
7 Death Knight
3 Death Coil
1 Unholy Aura
2 Death Pact
1 Animate Dead
4 Lich
2 Frost Nova
1 Dark Ritual
1 Frost Armor
» actions
| Assign group hotkey | 38 | |
| Basic commands | 65 | |
| Build / train | 66 | |
| Enter build submenu | 26 | |
| Enter hero's abilities submenu | 10 | |
| Give item / drop item | 3 | |
| Right click | 1664 | |
| Select / deselect | 408 | |
| Select group hotkey | 255 | |
| Use ability | 83 | |
2618 total
» units
| Acolyte | 10 | |
| Ghoul | 3 | |
| Crypt Fiend | 10 | |
| Giant Sea Turtle | 1 | |
| Gargoyle | 6 | |
| Frost Wyrm | 9 | |
| Obsidian Statue | 1 | |
| Meatwagon | 2 | |
42 total
» upgrades
| Creature Attack | 2 | |
| Web | 1 | |
| Creature Carapace | 1 | |
| Unholy Strength | 2 | |
| Freezing Breath | 1 | |
7 total
» buildings
| Graveyard | 1 | |
| Crypt | 2 | |
| Ziggurat | 7 | |
| Altar of Darkness | 1 | |
| Tomb of Relics | 1 | |
| Halls of the Dead | 1 | |
| Sacrificial Pit | 1 | |
| Black Citadel | 1 | |
| Boneyard | 2 | |
| Slaughterhouse | 1 | |
18 total
» build order
00:12 Graveyard
00:19 Crypt
00:43 Ziggurat
00:58 Altar of Darkness
01:47 Tomb of Relics
02:01 Ziggurat
04:02 Halls of the Dead
04:30 Ziggurat
04:53 Crypt
05:50 Ziggurat
06:46 Sacrificial Pit
08:11 Ziggurat
09:14 Black Citadel
12:35 Boneyard
12:41 Boneyard
15:12 Ziggurat
18:20 Slaughterhouse
18:52 Ziggurat
» items
| Rod of Necromancy | 1 | |
| Scroll of Town Portal | 1 | |
2 total
Chat log
(00:09 / Allies) GBD: whose lvl 1 is the worst?
(00:24 / Allies) realLness.: 100g?
(05:14 / Allies) tunga99: what units
(05:21 / Allies) GBD: whatever orange dont get
(05:21 / Allies) realLness.: garg wyrm
(06:21 / Allies) tunga99: srsly what units
(06:22 / Allies) tunga99: lol
(06:24 / Allies) ScumDawg!: griffs
(06:28 / Allies) GBD: ill go meat cast
(06:51 / Allies) tunga99: k
(06:52 / Allies) tunga99: dry dott
(07:25 / Allies) tunga99: fuck man
(07:36 / Allies) tunga99: i was waiting
(08:55 / Allies) tunga99: b
(08:56 / Allies) tunga99: b
(12:10 / Allies) ScumDawg!: he might hack
(12:14 / All) ScumDawg!: red hacks I think
(12:23 / Allies) GBD: i think he put down wards
(12:41 / All) tunga99: touce blue
(12:47 / All) BeastOfTheEast: ty
(12:53 / All) BeastOfTheEast: almost got that zep
(12:59 / All) tunga99: ha yep
(13:20 / Allies) GBD: we gonna need siege
(14:15 / Allies) GBD: can we hit soon?
(14:22 / Allies) realLness.: ya
(15:02 / Allies) GBD: k ill lead
(15:06 / Allies) GBD: orange coutneers top
(15:21 / Allies) tunga99: ski[
(15:23 / Allies) tunga99: skpi
(15:54 / All) ScumDawg!: raped
(16:33 / Allies) tunga99: shit
(17:13 / Allies) tunga99: ncie job yellow
(18:31 / Allies) tunga99: who need gold
(18:38 / Allies) realLness.: me
(18:46 / Allies) realLness.: ty
(18:48 / Allies) tunga99: ytep
(18:54 / Allies) ScumDawg!: lumber
(19:03 / Allies) GBD: ill hit that
(19:56 / Allies) GBD: lol
(22:02 / Allies) GBD: gang?
(22:07 / Allies) GBD: where yall at
(23:05 / Allies) GBD: orange? dhawks?
(24:16 / Allies) tunga99: lol OJ
(24:40 / All) tunga99: blue u the only one left?
(24:43 / Allies) GBD: thx orange
(24:45 / All) BeastOfTheEast: yeah
(24:46 / Allies) tunga99: why OJ
(24:51 / Allies) GBD: cause hes a tk
(24:53 / All) GBD: gg
(24:57 / All) tunga99: lmoa
(25:02 / All) tunga99: u bored OJ
(25:03 / Allies) realLness.: why would u leave
(25:05 / All) BeastOfTheEast: ain't over til the fat lady sings
(25:08 / Allies) tunga99: cuz OJ is tking him
(25:33 / All) tunga99: i think OJ is bored
(25:41 / Allies) realLness.: um ok
(25:43 / All) ScumDawg!: TAKE THAT
(25:45 / All) ScumDawg!: TASTE THE PAIN
(25:50 / All) realLness.: good job oj
(27:35 / Allies) tunga99: ok
(27:37 / Allies) tunga99: pink
(27:44 / Allies) tunga99: i dont think we can kill him lo;
(27:49 / All) ScumDawg!: TAKE THAT
(27:51 / Allies) ScumDawg!: TASTE THE PAIN
(27:56 / Allies) realLness.: what pain
(28:59 / All) tunga99: u and blue butt buddies or something?
(29:09 / Allies) realLness.: prob
(29:15 / All) BeastOfTheEast: lol
(29:17 / All) ScumDawg!: WOOOO TAKE THAT TASTE THE PAIN
(29:18 / All) BeastOfTheEast: they gave up fast
(29:23 / All) ScumDawg!: who lose?
(29:27 / All) ScumDawg!: let's stat
(29:34 / All) BeastOfTheEast: gangbanging your team didn't go well for me
(29:38 / All) BeastOfTheEast: I got raped and lost everything lol
(29:46 / All) BeastOfTheEast: 70-53 teal rando1, shocking
(29:47 / All) ScumDawg!: I mean at red's lalw
(29:49 / All) ScumDawg!: when he was alone
(29:50 / All) BeastOfTheEast: for such a pussy
(29:54 / All) BeastOfTheEast: 3-1 green
(29:56 / All) BeastOfTheEast: also shocking
(29:58 / All) ScumDawg!: let's give rando1 a loss
(30:01 / All) BeastOfTheEast: and red 664-673
(30:02 / All) BeastOfTheEast: k